[Event "Titled Tuesday Blitz March 21 Early 2023"]
[White "Degenbaev, Aziz"]
[Black "Ozen, Bahadir"]
[WhiteFideId "13802640"]
[BlackFideId "6337058"]
[WhiteElo "2152"]
[BlackElo "2503"]
[Result "0-1"]
[Round "02"]
[TimeControl "180+2"]
[Date "2023.03.21"]
[WhiteClock "0:00:05"]
[BlackClock "0:00:16"]

1. e4 e5 2. Nf3 Nc6 3. d4 exd4 4. Nxd4 Nf6 5. Nxc6 bxc6 6. e5 Qe7 7. Qe2 Nd5 8. h4 Qe6 9. Nd2 a5 10. g3 Nb4 11. Nf3 Ba6 12. c4 Qg6 13. Nd4 h5 14. a3 c5 15. axb4 cxd4 16. Bg2 Bxb4+ 17. Bd2 Rb8 18. O-O d3 19. Qe3 O-O 20. Bxb4 Rxb4 21. Rxa5 Bxc4 22. Rc1 Be6 23. Rxc7 Rxb2 24. Be4 d2 25. Ra1 Qg4 26. Bf3 Qb4 27. Rd1 Rb1 28. Rc2 Rb3 29. Qe2 Rxf3 30. Qxf3 Bg4 31. Qd5 Bxd1 32. Rxd2 Bg4 33. Rd4 Qb1+ 34. Kg2 Be6 35. Qf3 Bg4 36. Qe3 Qg6 37. Rd6 Be6 38. Qf4 f6 39. exf6 Qxf6 40. Qxf6 Rxf6 41. Rd4 Kf7 0-1


[Site "https://www.chess.com"]

[Event "Titled Tuesday Blitz March 21 Early 2023"]
[White "Ashraf, Artin"]
[Black "TheKnightOfBosnia"]
[WhiteFideId "22514805"]
[WhiteElo "2188"]
[BlackElo "2521"]
[Result "1-0"]
[Round "02"]
[TimeControl "180+2"]
[Date "2023.03.21"]
[WhiteClock "0:00:47"]
[BlackClock "0:00:10"]

1. Nf3 Nf6 2. g3 b6 3. Bg2 Bb7 4. O-O g6 5. d3 d5 6. c4 e6 7. cxd5 exd5 8. Nc3 Bg7 9. d4 O-O 10. Bf4 Na6 11. Rc1 Re8 12. Nb5 c5 13. Nd6 Re7 14. Nxb7 Rxb7 15. Qa4 Nc7 16. dxc5 bxc5 17. Rxc5 Ne6 18. Rc2 Nxf4 19. Qxf4 Qa5 20. Rfc1 Rbb8 21. b3 Ne4 22. Ne5 Bxe5 23. Qxe5 Re8 24. Qd4 Rad8 25. e3 Qb6 26. Qxb6 axb6 27. Rc6 Ra8 28. a4 Rab8 29. Rd1 Nc5 30. Bxd5 Red8 31. Rc7 Ne6 32. Rcc1 Nc5 33. Bc4 Rxd1+ 34. Rxd1 Rc8 35. Rd6 Nxa4 36. Rd7 Nc5 37. Rxf7 1-0


[Site "https://www.chess.com"]

[Event "Titled Tuesday Blitz March 21 Early 2023"]
[White "Nguyen Hong Nhung"]
[Black "Gukesh D"]
[WhiteFideId "12412201"]
[BlackFideId "46616543"]
[WhiteElo "1904"]
[BlackElo "2612"]
[Result "0-1"]
[Round "02"]
[TimeControl "180+2"]
[Date "2023.03.21"]
[WhiteClock "0:00:11"]
[BlackClock "0:00:22"]

1. e4 c5 2. Nc3 Nc6 3. Bb5 Nd4 4. Bc4 e6 5. Nge2 Nf6 6. O-O a6 7. a4 d5 8. exd5 exd5 9. Ba2 Nxe2+ 10. Qxe2+ Be6 11. d3 Be7 12. Bg5 O-O 13. Rfe1 h6 14. Bh4 Qd7 15. a5 Rad8 16. Bb3 Qc8 17. Bg3 Bd6 18. Bh4 g5 19. Bg3 Bxg3 20. hxg3 Qc7 21. Qf3 Kg7 22. Ra4 c4 23. Ba2 Bg4 24. Qe3 d4 25. Qd2 dxc3 26. Qxc3 Rfe8 27. Rxe8 Rxe8 28. Rxc4 Qe5 29. Rc7 Qxc3 30. bxc3 Be6 31. c4 Bd5 32. Kf1 Bc6 33. f3 Rd8 34. Ke2 Kf8 35. Ke3 Ne8 36. Rxc6 bxc6 37. d4 Nd6 38. Kd3 Nb7 39. d5 Nxa5 40. Ke4 cxd5+ 41. cxd5 Ke7 42. c4 Kd6 43. Kd4 Nb7 44. Bb1 Nc5 45. Bf5 Rb8 46. f4 Rb2 47. fxg5 hxg5 48. Bh3 f6 49. Bf5 a5 50. g4 a4 51. g3 a3 52. Bc8 a2 53. Bf5 a1=Q 54. Bg6 Re2# 0-1


[Site "https://www.chess.com"]

[Event "Titled Tuesday Blitz March 21 Early 2023"]
[White "Ohanyan, Emin"]
[Black "Santos Flores, Alberto"]
[WhiteFideId "13312022"]
[BlackFideId "3601234"]
[WhiteElo "2402"]
[BlackElo "2235"]
[Result "1-0"]
[Round "02"]
[TimeControl "180+2"]
[Date "2023.03.21"]
[WhiteClock "0:00:08"]
[BlackClock "0:00:04"]

1. e4 c5 2. Nf3 Nc6 3. d4 cxd4 4. Nxd4 g6 5. Nc3 Bg7 6. Be3 Nf6 7. Nxc6 bxc6 8. e5 Ng8 9. Bd4 Qa5 10. Bc4 f6 11. exf6 Nxf6 12. O-O d5 13. Bb3 O-O 14. Re1 e6 15. Ne2 c5 16. Bxf6 Bxf6 17. Bxd5 Rd8 18. Bxa8 Rxd1 19. Raxd1 Qxa2 20. c3 Qxb2 21. Rb1 Qd2 22. Bf3 Ba6 23. Red1 Qc2 24. Nf4 Qf5 25. Nxe6 Bc4 26. Rb8+ Kf7 27. Nd8+ Bxd8 28. Rbxd8 Be6 29. Ra8 Qc2 30. Rxa7+ Kf6 31. Ra6 Kf7 32. Re1 Bc4 33. Ra3 h5 34. h4 Qd2 35. Rea1 Qf4 36. Ra4 Kf6 37. Be2 Qxh4 38. Bxc4 Qg5 39. Bf1 Qd2 40. c4 Qb2 41. R4a3 Kg5 42. Rg3+ Kh6 43. Raa3 Qb6 44. Rgb3 Qd6 45. Ra8 h4 46. Rh8+ Kg5 47. Rh3 Qd4 48. R8xh4 Qd2 49. Re4 Kf6 50. Rf3+ Kg7 51. Re7+ Kh6 52. Rh3+ Kg5 53. Re5+ Kf6 54. Rxc5 Qd4 55. Rd5 Qc3 56. Rf3+ Kg7 57. Rxc3 1-0


[Site "https://www.chess.com"]

[Event "Titled Tuesday Blitz March 21 Early 2023"]
[White "Shapiro, Viktor"]
[Black "Kukhmazov, Arsen"]
[WhiteFideId "4175700"]
[BlackFideId "24108260"]
[WhiteElo "2152"]
[BlackElo "2378"]
[Result "0-1"]
[Round "02"]
[TimeControl "180+2"]
[Date "2023.03.21"]
[WhiteClock "0:00:16"]
[BlackClock "0:00:15"]

1. c4 c6 2. Nf3 d5 3. d4 Nf6 4. Nc3 dxc4 5. a4 Bf5 6. e3 e6 7. Bxc4 Bb4 8. O-O Nbd7 9. Ne2 O-O 10. b3 Qe7 11. Bb2 Ne4 12. Bd3 Rfd8 13. Qc2 Ndf6 14. Ne5 Nd6 15. f3 Bxd3 16. Nxd3 Nf5 17. Qc1 Ba5 18. e4 Nh4 19. g3 Ng6 20. Ba3 Qe8 21. Bc5 Bb6 22. b4 e5 23. Qc4 exd4 24. Rfd1 Nd7 25. Nxd4 h5 26. Kg2 h4 27. a5 Bc7 28. Nf5 Nxc5 29. Nxc5 b6 30. axb6 axb6 31. Nd3 Rxa1 32. Rxa1 Qd7 33. Nf2 b5 34. Qb3 Be5 35. Rd1 Qc7 36. f4 Bf6 37. e5 Be7 38. Ne4 Rxd1 39. Qxd1 Qc8 40. Qd3 Kf8 41. Ned6 Qe6 42. Qe4 h3+ 43. Kxh3 Bxd6 44. Qxc6 Qxf5+ 45. Kg2 Bxb4 46. Qxb5 Qc2+ 47. Kh3 Qc8+ 48. Kg2 Be7 49. h4 Bd8 50. h5 Ne7 51. Qd3 Qc6+ 52. Qf3 Qxf3+ 53. Kxf3 f6 54. g4 fxe5 55. fxe5 Kf7 56. Ke4 Ke6 57. g5 Bc7 58. h6 g6 59. h7 Bxe5 60. Kf3 Bh8 61. Kg4 Nd5 62. Kh4 Kf5 0-1


[Site "https://www.chess.com"]

[Event "Titled Tuesday Blitz March 21 Early 2023"]
[White "Rangel, Daniel"]
[Black "Fier, Alexandr"]
[WhiteFideId "2124475"]
[BlackFideId "2107139"]
[WhiteElo "2256"]
[BlackElo "2610"]
[Result "1-0"]
[Round "02"]
[TimeControl "180+2"]
[Date "2023.03.21"]
[WhiteClock "0:00:43"]
[BlackClock "0:01:07"]

1. c4 b6 2. g3 Bb7 3. Nf3 Bxf3 4. exf3 c5 5. d4 cxd4 6. Qxd4 Nc6 7. Qd2 g6 8. Bg2 Bg7 9. O-O Nf6 10. f4 O-O 11. Nc3 Rc8 12. b3 d6 13. Bb2 Nd7 14. Rfe1 Nc5 15. Rad1 a5 16. Bh3 Ra8 17. Bg2 Rc8 18. Bh3 Rb8 19. Bg2 Nb4 20. Qe2 e6 21. a3 Nba6 22. Nb5 Bxb2 23. Qxb2 Qe7 24. Nxd6 Rfd8 25. Ne4 Nxe4 26. Bxe4 Nc5 27. Bc2 Rxd1 28. Rxd1 Rd8 29. Rxd8+ Qxd8 30. b4 Na6 31. Qc3 Qc7 32. Bd3 Nb8 33. c5 bxc5 34. bxa5 Qd6 35. a4 Kf8 36. Bb5 Ke7 37. a6 Nxa6 38. Bxa6 Qxa6 39. Qxc5+ Kd7 40. a5 Qe2 41. Qa7+ Ke8 42. Qa8+ Ke7 43. Qb7+ Kf6 44. a6 g5 45. fxg5+ Kxg5 46. a7 1-0


[Site "https://www.chess.com"]

[Event "Titled Tuesday Blitz March 21 Early 2023"]
[White "Mikhailovsky, Vladimir"]
[Black "Eynullayev, Atilla"]
[WhiteFideId "34105414"]
[BlackFideId "13413570"]
[WhiteElo "2293"]
[BlackElo "2181"]
[Result "1-0"]
[Round "02"]
[TimeControl "180+2"]
[Date "2023.03.21"]
[WhiteClock "0:00:09"]
[BlackClock "0:00:05"]

1. e4 c5 2. Nf3 d6 3. d4 cxd4 4. Nxd4 Nf6 5. Nc3 a6 6. Bd3 e5 7. Nde2 Be7 8. O-O O-O 9. f4 b5 10. a3 Nbd7 11. Kh1 Bb7 12. Ng3 Nc5 13. fxe5 dxe5 14. Qf3 Ne6 15. Nf5 Nd4 16. Nxe7+ Qxe7 17. Qg3 Nh5 18. Qg4 Nf4 19. Bxf4 exf4 20. Rxf4 Ne6 21. Rf2 Rad8 22. Raf1 f6 23. Nd5 Bxd5 24. exd5 Nc7 25. Qh4 g6 26. c4 bxc4 27. Bxc4 Rd6 28. Re2 Qd8 29. Rfe1 Nxd5 30. Re7 Rf7 31. Rxf7 Kxf7 32. Qxh7+ 1-0


[Site "https://www.chess.com"]

[Event "Titled Tuesday Blitz March 21 Early 2023"]
[White "Gulkov, Igor A."]
[Black "Zakhartsov, Vladimir"]
[WhiteFideId "4120973"]
[BlackFideId "4145097"]
[WhiteElo "2343"]
[BlackElo "2521"]
[Result "0-1"]
[Round "02"]
[TimeControl "180+2"]
[Date "2023.03.21"]
[WhiteClock "0:00:22"]
[BlackClock "0:00:20"]

1. Nf3 c5 2. c4 Nc6 3. d4 cxd4 4. Nxd4 g6 5. e4 Bg7 6. Be3 Nf6 7. Nc3 d6 8. Be2 O-O 9. O-O Nd7 10. Qd2 Nc5 11. f3 Ne6 12. Nb3 f5 13. exf5 gxf5 14. Nd5 Kh8 15. Rad1 f4 16. Bf2 Be5 17. c5 Qe8 18. Rfe1 Qh5 19. Bc4 Bd7 20. cxd6 exd6 21. Nb4 Rg8 22. Kh1 Rxg2 23. Kxg2 Ng5 24. Be2 Rg8 0-1


[Site "https://www.chess.com"]

[Event "Titled Tuesday Blitz March 21 Early 2023"]
[White "Bilan, Danila"]
[Black "Hayrapetyan, Hovik"]
[WhiteFideId "24161918"]
[BlackFideId "13302639"]
[WhiteElo "2182"]
[BlackElo "2348"]
[Result "0-1"]
[Round "02"]
[TimeControl "180+2"]
[Date "2023.03.21"]
[WhiteClock "0:00:02"]
[BlackClock "0:01:05"]

1. d4 Nf6 2. Nf3 d5 3. c4 e6 4. cxd5 exd5 5. Nc3 c6 6. Bg5 Bf5 7. e3 Nbd7 8. Bd3 Bxd3 9. Qxd3 Bd6 10. O-O O-O 11. e4 dxe4 12. Nxe4 Be7 13. Rfe1 h6 14. Bh4 Nxe4 15. Bxe7 Qxe7 16. Rxe4 Qd6 17. Qb3 Nb6 18. Rae1 Qd5 19. Re7 Qxb3 20. axb3 Rab8 21. g3 Nd5 22. Rd7 Rfd8 23. Rxd8+ Rxd8 24. Ra1 a6 25. Re1 f6 26. h4 h5 27. Kg2 Kf7 28. Nd2 Nc7 29. Nf3 Rd5 30. Re3 Nb5 31. Re4 Nd6 32. Re3 Nf5 33. Re4 Rb5 34. Rf4 g6 35. g4 hxg4 36. Rxg4 Rxb3 37. Rf4 Rxb2 38. h5 Ne3+ 39. Kg3 Nd5 40. hxg6+ Kxg6 41. Rg4+ Kf7 42. Rh4 a5 43. Rh7+ Ke6 44. Rh8 a4 45. Ra8 b5 46. Ra6 Nb4 47. Nh4 0-1


[Site "https://www.chess.com"]

[Event "Titled Tuesday Blitz March 21 Early 2023"]
[White "Sanal, Vahap"]
[Black "Castellanos Gomez, Alejandro"]
[WhiteFideId "6300545"]
[BlackFideId "22284141"]
[WhiteElo "2606"]
[BlackElo "2158"]
[Result "1-0"]
[Round "02"]
[TimeControl "180+2"]
[Date "2023.03.21"]
[WhiteClock "0:00:07"]
[BlackClock "0:00:02"]

1. Nf3 d5 2. b3 Nf6 3. Bb2 c5 4. g3 Nc6 5. Bg2 e6 6. O-O Be7 7. d3 O-O 8. Nbd2 b6 9. e4 Bb7 10. Re1 Re8 11. exd5 exd5 12. Ne5 Nxe5 13. Bxe5 Bd6 14. d4 Bxe5 15. dxe5 Nd7 16. f4 Qc7 17. Nf1 Rad8 18. Ne3 d4 19. Bxb7 Qxb7 20. Nf5 Re6 21. Qg4 g6 22. Qg5 Qc7 23. Nh6+ Kg7 24. Ng4 Rde8 25. f5 Rxe5 26. Rxe5 Rxe5 27. f6+ Kf8 28. Qh6+ Ke8 29. Nxe5 Qxe5 30. Rf1 Nxf6 31. Qg7 Ke7 32. Rf2 Qe1+ 33. Kg2 Qe4+ 34. Rf3 Qe2+ 35. Rf2 Qe4+ 36. Kf1 Qh1+ 37. Ke2 Qe4+ 38. Kd1 Qg4+ 39. Re2+ 1-0


[Site "https://www.chess.com"]

[Event "Titled Tuesday Blitz March 21 Early 2023"]
[White "Real_OceanStorm"]
[Black "Yosha_Iglesias"]
[WhiteElo "2815"]
[BlackElo "2457"]
[Result "1-0"]
[Round "02"]
[TimeControl "180+2"]
[Date "2023.03.21"]
[WhiteClock "0:00:42"]
[BlackClock "0:00:42"]

1. e4 c5 2. Nf3 d6 3. c3 Nf6 4. e5 dxe5 5. Nxe5 a6 6. d4 Nbd7 7. Nxd7 Qxd7 8. Be2 e6 9. Be3 cxd4 10. Bxd4 Be7 11. O-O b5 12. Nd2 Bb7 13. Bf3 O-O 14. Qe2 Rfd8 15. Rad1 Bxf3 16. Nxf3 Qb7 17. h3 h6 18. Ne5 Rd5 19. Qf3 Rad8 20. Rfe1 Qc6 1-0


[Site "https://www.chess.com"]

[Event "Titled Tuesday Blitz March 21 Early 2023"]
[White "Tarasova, Viktoriya"]
[Black "Narayanan, Srinath"]
[WhiteFideId "4175840"]
[BlackFideId "5018420"]
[WhiteElo "2182"]
[BlackElo "2438"]
[Result "0-1"]
[Round "02"]
[TimeControl "180+2"]
[Date "2023.03.21"]
[WhiteClock "0:00:05"]
[BlackClock "0:00:33"]

1. d4 Nf6 2. c4 e6 3. Nc3 Bb4 4. Nf3 O-O 5. Bg5 c5 6. Rc1 h6 7. Bh4 cxd4 8. Nxd4 d5 9. e3 Nc6 10. cxd5 Bxc3+ 11. Rxc3 Qxd5 12. Nxc6 bxc6 13. Bxf6 gxf6 14. Qxd5 cxd5 15. Be2 e5 16. Kd2 Be6 17. Rhc1 Rfd8 18. Rc7 d4 19. b3 a5 20. Bf3 Ra6 21. R7c6 Ra7 22. Rc7 Ra6 23. R7c6 Rxc6 24. Rxc6 f5 25. exd4 Rxd4+ 26. Ke1 a4 27. Rb6 axb3 28. axb3 e4 29. Be2 f4 30. h3 Kg7 31. Rb5 Kf6 32. b4 e3 33. fxe3 fxe3 34. Bf3 Rd2 35. Rb6 Ke5 36. b5 Rb2 37. Rb8 Kf4 38. b6 Rb1+ 39. Ke2 Bc4# 0-1


[Site "https://www.chess.com"]

[Event "Titled Tuesday Blitz March 21 Early 2023"]
[White "Gorodetzky, David"]
[Black "Jakubowska, Anna"]
[WhiteFideId "2813416"]
[BlackFideId "1121952"]
[WhiteElo "2484"]
[BlackElo "2001"]
[Result "1-0"]
[Round "02"]
[TimeControl "180+2"]
[Date "2023.03.21"]
[WhiteClock "0:02:00"]
[BlackClock "0:01:17"]

1. d4 d5 2. Nf3 Nf6 3. Bf4 g6 4. e3 Bg7 5. h3 O-O 6. Nbd2 b6 7. Bd3 c5 8. c3 Ba6 9. Bxa6 Nxa6 10. O-O Nc7 11. Qe2 Ne4 12. Rad1 f5 13. Be5 c4 14. Bxg7 Kxg7 15. Ne5 Qd6 16. Qe1 Ne6 17. f3 Nxd2 18. Rxd2 f4 19. e4 dxe4 20. Qxe4 Nc7 21. Nxc4 Qf6 22. Re1 Rae8 23. Qb7 Nd5 24. Qxd5 1-0


[Site "https://www.chess.com"]

[Event "Titled Tuesday Blitz March 21 Early 2023"]
[White "Harriott, Tyrell"]
[Black "Sattarov, Bobir"]
[WhiteFideId "2086484"]
[BlackFideId "14203081"]
[WhiteElo "2107"]
[BlackElo "2351"]
[Result "0-1"]
[Round "02"]
[TimeControl "180+2"]
[Date "2023.03.21"]
[WhiteClock "0:00:59"]
[BlackClock "0:01:32"]

1. d4 Nf6 2. e3 g6 3. Bd3 Bg7 4. f4 O-O 5. f5 c5 6. fxg6 hxg6 7. Nf3 d5 8. c3 Nc6 9. O-O e5 10. dxe5 Ng4 11. e4 c4 12. exd5 Qb6+ 13. Kh1 cxd3 14. dxc6 Nf2+ 15. Rxf2 Qxf2 16. Qxd3 Bf5 17. Be3 Qxb2 18. Qd4 Qxa1 19. Ng5 Qxb1+ 20. Bg1 Rfd8 21. cxb7 Qxb7 22. Qh4 Rd2 23. Qh7+ Kf8 24. Bc5+ Ke8 25. Qg8+ Kd7 26. Qxf7+ Kc6 27. Qc4 Qb5 28. Qf7 Qf1+ 0-1


[Site "https://www.chess.com"]

[Event "Titled Tuesday Blitz March 21 Early 2023"]
[White "Galchenko, Matvey"]
[Black "Avazkhonov, Alikhon"]
[WhiteFideId "24175480"]
[BlackFideId "14208504"]
[WhiteElo "2404"]
[BlackElo "1739"]
[Result "0-1"]
[Round "02"]
[TimeControl "180+2"]
[Date "2023.03.21"]
[WhiteClock "0:00:09"]
[BlackClock "0:00:07"]

1. f4 d5 2. Nf3 Nf6 3. g3 g6 4. Bg2 Bg7 5. O-O O-O 6. d3 c5 7. Nc3 d4 8. Na4 Nbd7 9. c4 Rb8 10. a3 b6 11. b4 Bb7 12. Rb1 Re8 13. e4 dxe3 14. Bxe3 e5 15. bxc5 Ng4 16. Bd2 Nxc5 17. Nxc5 bxc5 18. Rxb7 Rxb7 19. Nxe5 Qd4+ 20. Kh1 Nxe5 21. Bxb7 Nxd3 22. Qf3 Nb2 23. Be1 Nxc4 24. Bf2 Qb2 25. Bxc5 Nd2 26. Qg2 Nxf1 27. Qxb2 Bxb2 28. Kg2 Re1 29. Kf2 Ra1 30. Be4 Nd2 31. Bd5 Rd1 32. Ke2 Rc1 33. Be3 Ra1 34. Bxd2 Rxa3 35. Be3 Ra5 36. Bc4 Ra4 37. Bb3 Rb4 38. Bd5 a5 39. Bd2 Rb5 40. Bc6 Rc5 41. Ba4 Rc4 42. Bb3 Re4+ 43. Kd3 Rd4+ 44. Kc2 a4 45. Ba2 a3 46. Be3 Re4 47. Kd3 Re8 48. Bc5 Kg7 49. Bb4 h5 50. Bb3 Rb8 51. Kc4 Rc8+ 52. Kd3 Rc1 53. Ba2 Ra1 54. Bb3 a2 55. Bd2 Rc1 56. Bxa2 Rh1 57. Bd5 Rxh2 58. Be1 Bf6 59. Ke4 h4 60. g4 h3 61. g5 Re2+ 62. Kf3 Rxe1 63. Kf2 Rd1 64. gxf6+ Kxf6 65. Bf3 h2 0-1


[Site "https://www.chess.com"]

[Event "Titled Tuesday Blitz March 21 Early 2023"]
[White "Rios Escobar, Adan"]
[Black "Smirnov, Pavel"]
[WhiteFideId "3403645"]
[BlackFideId "4123425"]
[WhiteElo "2384"]
[BlackElo "2519"]
[Result "1-0"]
[Round "02"]
[TimeControl "180+2"]
[Date "2023.03.21"]
[WhiteClock "0:00:06"]
[BlackClock "0:00:02"]

1. d4 Nf6 2. g3 d5 3. Nf3 e6 4. Bg2 Be7 5. O-O O-O 6. c4 c6 7. Qc2 b6 8. Rd1 Nbd7 9. Nbd2 Bb7 10. e4 dxc4 11. Nxc4 c5 12. e5 Nd5 13. Nd6 Bxd6 14. Ng5 g6 15. exd6 cxd4 16. Rxd4 N7f6 17. Ne4 Nxe4 18. Bxe4 Qxd6 19. Bh6 Rfc8 20. Qd2 Qe5 21. Re1 Qf6 22. Bg5 Qg7 23. Bh6 Qf6 24. Bg5 Qh8 25. h4 Rc5 26. b4 Rc7 27. h5 Rac8 28. h6 f5 29. Rxd5 exd5 30. Bxd5+ Bxd5 31. Qxd5+ Rf7 32. Re5 Rf8 33. f4 a5 34. bxa5 bxa5 35. a4 Rc8 36. Kg2 Rc2+ 37. Kh3 Rc8 38. Kh4 Rf8 39. Qxa5 Rc8 40. Qd5 Rf8 41. a5 Rb8 42. a6 Rf8 43. a7 Rc8 44. a8=Q Rxa8 45. Qxa8+ Rf8 46. Re8 1-0


[Site "https://www.chess.com"]

[Event "Titled Tuesday Blitz March 21 Early 2023"]
[White "Pakleza, Zbigniew"]
[Black "Klepikov, Nikita"]
[WhiteFideId "1119290"]
[BlackFideId "24145220"]
[WhiteElo "2410"]
[BlackElo "2025"]
[Result "1-0"]
[Round "02"]
[TimeControl "180+2"]
[Date "2023.03.21"]
[WhiteClock "0:01:04"]
[BlackClock "0:00:02"]

1. d4 Nf6 2. Nf3 d6 3. Bf4 b6 4. e3 Bb7 5. h3 e6 6. c4 Nbd7 7. Nc3 g6 8. Be2 Bg7 9. O-O O-O 10. Bh2 a6 11. Qc2 Re8 12. Rfd1 Qe7 13. b4 h6 14. Rab1 Rac8 15. c5 dxc5 16. bxc5 b5 17. a4 c6 18. e4 Nh7 19. e5 Ng5 20. Nxg5 Qxg5 21. Ne4 Qe7 22. Nd6 Nf8 23. Bf3 Nh7 24. axb5 axb5 25. Ra1 Ra8 26. Nxe8 Qxe8 27. Ra2 Ng5 28. Be2 Rxa2 29. Qxa2 Ne4 30. Qc2 Ng5 31. Bf4 Nh7 32. Ra1 g5 33. Be3 Nf8 34. Ra7 Qc8 35. Qa2 Nd7 36. Qa5 Bf8 37. Qd2 Be7 38. Ra1 Bf8 39. h4 1-0


[Site "https://www.chess.com"]

[Event "Titled Tuesday Blitz March 21 Early 2023"]
[White "Lorenzo De La Riva, Lazaro"]
[Black "Flores, Diego"]
[WhiteFideId "2268809"]
[BlackFideId "108049"]
[WhiteElo "2294"]
[BlackElo "2606"]
[Result "1-0"]
[Round "02"]
[TimeControl "180+2"]
[Date "2023.03.21"]
[WhiteClock "0:00:08"]
[BlackClock "0:00:02"]

1. e4 c5 2. Nf3 e6 3. d4 cxd4 4. Nxd4 a6 5. c4 Nf6 6. Nc3 Qc7 7. Be2 b6 8. O-O Bb7 9. f3 Bd6 10. Kh1 Bxh2 11. f4 Bg3 12. Qd3 Bh4 13. Qh3 Nxe4 14. Nxe4 Bxe4 15. Qxh4 Nc6 16. Nxc6 Qxc6 17. Qh3 O-O 18. b3 b5 19. Bb2 bxc4 20. Bxc4 d5 21. Bd3 Rac8 22. Qg3 Bg6 23. f5 exf5 24. Bxf5 Rce8 25. Rac1 Qb5 26. Qc3 f6 27. Bxg6 hxg6 28. Qd4 Re4 29. Qc5 Qd7 30. Rcd1 Rd8 31. Kg1 d4 32. Rfe1 Rxe1+ 33. Rxe1 d3 34. Rd1 Qg4 35. Qc4+ Qxc4 36. bxc4 Rc8 37. Rxd3 Rxc4 38. Rd2 Kf7 39. Kf2 g5 40. Ke3 Kg6 41. Kd3 Ra4 42. Bc3 Kf5 43. Rf2+ Kg4 44. Rf3 Rxa2 45. Re3 Rxg2 46. Re7 Rg3+ 47. Kd2 Rg2+ 48. Kd3 Rg3+ 49. Kc4 Rf3 50. Rxg7 Rf4+ 51. Kd3 Kf3 52. Bd2 Rf5 53. Ra7 g4 54. Rxa6 Rd5+ 55. Kc3 g3 56. Rxf6+ Ke2 57. Re6+ Kf3 58. Re3+ Kf2 59. Re6 1-0


[Site "https://www.chess.com"]

[Event "Titled Tuesday Blitz March 21 Early 2023"]
[White "Idani, Pouya"]
[Black "Abduzhaparov"]
[WhiteFideId "12510130"]
[WhiteElo "2574"]
[BlackElo "2340"]
[Result "1-0"]
[Round "02"]
[TimeControl "180+2"]
[Date "2023.03.21"]
[WhiteClock "0:01:30"]
[BlackClock "0:00:06"]

1. e4 d6 2. d4 Nf6 3. Nc3 e5 4. Nf3 Nbd7 5. Rg1 Be7 6. g4 c6 7. g5 Nh5 8. Bc4 g6 9. Be3 b5 10. Bb3 a5 11. a4 b4 12. Ne2 O-O 13. Ng3 Nf4 14. Bxf4 exf4 15. Ne2 Re8 16. Qd2 Ba6 17. Rg4 d5 18. e5 Nb6 19. Nxf4 Nc4 20. Bxc4 dxc4 21. Qe3 c3 22. b3 Bb7 23. O-O-O Qc8 24. e6 Bd6 25. Ne5 fxe6 26. h4 c5 27. h5 cxd4 28. Rxd4 Bc5 29. hxg6 hxg6 30. Nfxg6 Bxd4 31. Rxd4 Kg7 32. Qf4 1-0


[Site "https://www.chess.com"]

[Event "Titled Tuesday Blitz March 21 Early 2023"]
[White "Kostiukov, Alexandr"]
[Black "Yuan, Qingyu"]
[WhiteFideId "14108100"]
[BlackFideId "8609772"]
[WhiteElo "2202"]
[BlackElo "2359"]
[Result "1/2-1/2"]
[Round "02"]
[TimeControl "180+2"]
[Date "2023.03.21"]
[WhiteClock "0:00:18"]
[BlackClock "0:00:34"]

1. g3 d5 2. Bg2 Nf6 3. d3 e6 4. e4 dxe4 5. dxe4 Qxd1+ 6. Kxd1 Nc6 7. f3 e5 8. Be3 Be6 9. Nd2 O-O-O 10. Bh3 Bxh3 11. Nxh3 h6 12. c3 Nd7 13. Ke2 Bc5 14. Nf2 Bxe3 15. Kxe3 Nc5 16. Rhd1 Na4 17. Rab1 Rd7 18. Nc4 Rhd8 19. Rxd7 Rxd7 20. Nd3 f6 21. f4 b5 22. Na3 a6 23. fxe5 Nxe5 24. Nxe5 fxe5 25. Nc2 Kb7 26. Nb4 Nc5 27. Nc2 Rd3+ 28. Ke2 Rd7 29. Ke3 c6 30. Ne1 Rf7 31. Nf3 Rd7 32. Nxe5 Re7 33. Kf4 Re8 34. Kf5 g5 35. Nf7 Rf8 36. Kg6 Nxe4 37. Re1 Nc5 38. Kg7 Rd8 39. Nxd8+ Kb6 40. b3 a5 41. Re7 b4 42. cxb4 axb4 43. Ne6 Ne4 44. Nd4 Nd6 45. Re6 Kc5 46. Rxh6 Kd5 47. Rxd6+ Kxd6 48. h4 c5 49. Nc2 g4 50. h5 Ke5 51. h6 Ke4 52. h7 Kd3 53. h8=Q Kxc2 54. Kg6 Kb1 55. Qe5 Kxa2 56. Qxc5 Kxb3 57. Kg5 Ka4 58. Kxg4 b3 59. Qc3 Ka3 60. Qa1+ Kb4 61. Qb2 Kc4 62. Kf4 Kd3 63. g4 Kc4 64. g5 Kc5 65. g6 Kc4 66. g7 Kd3 67. g8=Q 1/2-1/2


[Site "https://www.chess.com"]

[Event "Titled Tuesday Blitz March 21 Early 2023"]
[White "Xu, Daniel"]
[Black "Mahdavi, Reza"]
[WhiteFideId "2627345"]
[BlackFideId "12595926"]
[WhiteElo "1980"]
[BlackElo "2208"]
[Result "0-1"]
[Round "02"]
[TimeControl "180+2"]
[Date "2023.03.21"]
[WhiteClock "0:00:02"]
[BlackClock "0:01:15"]

1. e4 c5 2. Nf3 e6 3. d4 cxd4 4. Nxd4 Nc6 5. Nc3 Qc7 6. Be2 a6 7. O-O Nf6 8. Be3 Be7 9. f4 d6 10. Kh1 O-O 11. Qe1 Nxd4 12. Bxd4 b5 13. a3 Bb7 14. Bd3 Rfe8 15. e5 dxe5 16. fxe5 Nh5 17. Qe2 g6 18. Ne4 Rad8 19. c3 Bxe4 20. Bxe4 Bc5 21. Bxc5 Qxc5 22. Qf3 Re7 23. Rae1 Rd2 24. b4 Qc7 25. Bb1 Rd8 26. Ba2 Rc8 27. Rc1 Qxe5 28. c4 bxc4 29. Bxc4 Rec7 30. Rce1 Qd6 31. Bb3 Ng7 32. Rd1 Qe7 33. Rfe1 Rc3 34. Rd3 Rc1 35. Rdd1 Rxd1 36. Rxd1 Nf5 37. g3 a5 38. bxa5 Qxa3 39. Bd5 Qxa5 40. Be4 Rc3 41. Qg2 Ne3 42. Qd2 Nxd1 43. Qxd1 Qc7 44. Qf3 Rxf3 45. Kg2 Re3 0-1


[Site "https://www.chess.com"]

[Event "Titled Tuesday Blitz March 21 Early 2023"]
[White "Rosenberg, Evan S"]
[Black "Molina, Roberto Junio Brito"]
[WhiteFideId "2019299"]
[BlackFideId "2109450"]
[WhiteElo "2321"]
[BlackElo "2376"]
[Result "0-1"]
[Round "02"]
[TimeControl "180+2"]
[Date "2023.03.21"]
[WhiteClock "0:00:03"]
[BlackClock "0:00:13"]

1. d4 d5 2. Nf3 Nf6 3. c3 e6 4. Bg5 Nbd7 5. Nbd2 h6 6. Bh4 Be7 7. e3 b6 8. Bd3 Bb7 9. O-O O-O 10. Qe2 Ne4 11. Bxe7 Qxe7 12. Rad1 f5 13. Ne5 Nxe5 14. dxe5 c5 15. f3 Ng5 16. f4 Ne4 17. Nxe4 fxe4 18. Ba6 Bxa6 19. Qxa6 b5 20. Qxb5 Rab8 21. Qe2 c4 22. f5 Qc7 23. fxe6 Qxe5 24. Qg4 Rbe8 25. Rxf8+ Rxf8 26. e7 Qxe7 27. h4 Qf7 28. Qg3 Qe6 29. Kh1 Rf5 30. Qb8+ Kh7 31. Qd8 Qe5 32. Kg1 Qg3 33. Rxd5 Qxe3+ 34. Kh2 Qf4+ 35. Kg1 Qf2+ 36. Kh2 Qf4+ 37. Kg1 Qf1+ 38. Kh2 Rf2 39. Rg5 hxg5 40. Qxg5 Rf5 41. Qg4 Qf4+ 0-1


[Site "https://www.chess.com"]

[Event "Titled Tuesday Blitz March 21 Early 2023"]
[White "Tanenbaum, Zachary"]
[Black "Kaufman, Raymond"]
[WhiteFideId "2060850"]
[BlackFideId "2015056"]
[WhiteElo "2175"]
[BlackElo "2321"]
[Result "1/2-1/2"]
[Round "02"]
[TimeControl "180+2"]
[Date "2023.03.21"]
[WhiteClock "0:00:03"]
[BlackClock "0:00:21"]

1. e4 e5 2. Nf3 Nc6 3. Bc4 Nf6 4. d4 exd4 5. e5 d5 6. Bb5 Nd7 7. O-O Be7 8. Bxc6 bxc6 9. Nxd4 Nb8 10. Qf3 O-O 11. Nc3 c5 12. Nxd5 cxd4 13. Nxe7+ Qxe7 14. Qxa8 Ba6 15. Re1 c6 16. Bf4 Qc7 17. Bg3 Qb6 18. e6 fxe6 19. Bd6 Bb7 20. Bc5 Bxa8 21. Bxb6 axb6 22. Rxe6 Nd7 23. Rd6 Ne5 24. Re1 Nf7 25. Rxd4 c5 26. Rd7 Bc6 27. Rc7 Bd5 28. b3 Rd8 29. Rd1 Re8 30. Kf1 Be4 31. Re1 Bxg2+ 32. Kxg2 Rxe1 33. Rc8+ Nd8 34. Rxd8+ Kf7 35. Rd6 Re2 36. Rxb6 Rxc2 37. a4 Rb2 38. a5 Ra2 39. Rb5 Ra3 40. Rxc5 Rxb3 41. a6 Ra3 42. Rc6 g5 43. Rb6 h5 44. f3 Kg7 45. Kg3 Ra4 46. Rb7+ Kg6 47. a7 Ra2 48. f4 Ra3+ 49. Kf2 gxf4 50. h4 Kf5 51. Rg7 Ra2+ 52. Kf3 Ra3+ 53. Kf2 Ke4 54. Re7+ Kf5 55. Rg7 1/2-1/2


[Site "https://www.chess.com"]